 Dungeon Crawl Stone Soup version 0.25-a0-471-g78e40d7af6 (webtiles) character file.

Game seed: 16165497121400911765, levelgen mode: deterministic

1124 Araneus the Spear-Bearer (level 8, -2/69 HPs)
             Began as a Naga Fighter on Feb 4, 2020.
             Was an Initiate of Cheibriados.
             Slain by a two-headed ogre
             ... wielding a +0 dire flail
              (15 damage)
             ... on level 6 of the Dungeon on Feb 6, 2020.
             The game lasted 00:30:39 (5325 turns).

Araneus the Spear-Bearer (Naga Fighter)             Turns: 5325, Time: 00:30:45

Health: -2/69      AC: 10    Str: 22    XL:     8   Next: 35%
Magic:  8/8        EV:  3    Int:  9    God:    Cheibriados [......]
Gold:   288        SH: 10    Dex: 12    Spells: 7/7 levels left

rFire    + . .     SeeInvis +   a - +0 trident
rCold    . . .     Gourm    .   c - +1 shield
rNeg     . . .     Faith    .   q - +0 chain mail
rPois    +         Spirit   .   (no helmet)
rElec    .         Reflect  .   x - +0 cloak
rCorr    .         Harm     .   (no gloves)
MR       +....     Rnd*Rage +   (no barding)
Stlth    ..........             (no amulet)
HPRegen  0.21/turn              g - ring of protection from fire
MPRegen  0.11/turn              (no ring)

@: short of breath, very slightly contaminated, very slow
A: large, icy blue scales 1, see invisible, berserk 1, deformed body, poison
resistance, slowness 2, slow metabolism 1, spit poison 2, AC +2
a: Breathe Poison Gas, Bend Time, Renounce Religion


You were on level 6 of the Dungeon.
You worshipped Cheibriados.
Cheibriados was noncommittal.
You were not hungry.

You visited 2 branches of the dungeon, and saw 7 of its levels.

You collected 288 gold pieces.

Inventory:

Hand Weapons
 a - a +0 trident (weapon)
 m - a +2 flail of protection
Missiles
 s - 39 poisoned darts (quivered)
Armour
 c - a +1 shield (worn)
 q - a +0 chain mail (worn)
 x - a +0 cloak (worn)
Jewellery
 g - a ring of protection from fire (left hand)
Wands
 p - a wand of digging (3)
 B - a wand of flame (12)
Scrolls
 h - 5 scrolls of enchant armour
 k - a scroll of immolation
 l - 3 scrolls of random uselessness {unknown}
 o - 2 scrolls of amnesia {unknown}
 t - 3 scrolls of teleportation {unknown}
 w - a scroll of fog {unknown}
Potions
 e - a potion of brilliance
 j - a potion of magic
 n - a potion of lignification
 r - 3 potions of cancellation
 u - 5 potions of curing {unknown}
 v - 3 potions of mutation
 A - 3 potions of berserk rage {unknown}
Comestibles
 f - 6 rations


   Skills:
 - Level 3.0 Fighting
 * Level 9.5 Polearms
 - Level 2.4 Armour
 + Level 3.2 Shields


You had 7 spell levels left.
You didn't know any spells.
Your spell library contained the following spells:

 Spells                   Type           Power        Failure   Level  Hunger
 Pain                     Necr           #...         100%        1    ##.....
 Slow                     Hex            #.......     100%        2    ###....
 Inner Flame              Hex/Fire       #.......     100%        3    ####...
 Portal Projectile        Hex/Tloc       #.....       100%        3    ####...
 Summon Guardian Golem    Hex/Summ       #.......     100%        3    ####...
 Tukima's Dance           Hex            #.......     100%        3    ####...


Dungeon Overview and Level Annotations

Branches:
Dungeon (6/15)             Temple (1/1) D:6

Altars:
Ashenzari
Cheibriados
Dithmenos
Elyvilon
Fedhas
Hepliaklqana
Kikubaaqudgha
Nemelex Xobeh
Okawaru
Qazlal
Ru
Sif Muna
Trog
Uskayaw
Vehumet
Wu Jian
Xom
Zin
The Shining One


Innate Abilities, Weirdness & Mutations

You cannot wear boots.
Your serpentine skin is tough. (AC +2)
You have supernaturally acute eyesight. (SInv)
Armour fits poorly on your strangely shaped body.
Your system is resistant to poisons. (rPois)
You cover ground very slowly.
You have a slow metabolism.
You can exhale a cloud of poison.
You are partially covered in icy blue scales. (AC +2)
You tend to lose your temper in combat.


Message History

You puncture the two-headed ogre!
The two-headed ogre is severely wounded.
The orc hits you but does no damage.
The orc warrior hits you from afar with a +0 trident.
The orc priest begins to cast a cantrip, but forgets the words!
The orc priest mumbles some strange prayers to Beogh against you.
Beogh smites you!
The orc priest mumbles some strange prayers to Beogh against you.
Beogh smites you!
The two-headed ogre hits you with a +0 dire flail.
You block the two-headed ogre's attack. The orc hits you but does no damage.
The orc warrior hits you but does no damage.
The orc hits you.
The orc warrior hits you from afar with a +0 trident!
* * * LOW HITPOINT WARNING * * *
The orc priest hits you but does no damage.
The two-headed ogre hits you with a +0 dire flail.
* * * LOW HITPOINT WARNING * * *
The two-headed ogre hits you with a +0 giant club!
You die...

......> #.....#
#%....# .....##
#.....# ##
####.....## ##...
##.........##.....
##..<@O.?...#......
#....oo............
#......o......#.....
#....................
#.................##
#....o...........##
...............(##
.................##
...............##


You could see a two-headed ogre, an orc warrior, 2 orc priests and an orc.

Vanquished Creatures
  Prince Ribbit (D:5)
  Eustachio (D:4)
  An ogre (D:6)
  A bullfrog (D:6)
  A howler monkey (D:4)
  2 centaur zombies (D:4)
  2 hounds (D:4)
  An orc priest (D:3)
  An orc wizard (D:5)
  A centaur skeleton (D:4)
  3 worker ants
  Natasha (thrice) (D:2)
  2 hound skeletons (D:4)
  A hound zombie (D:4)
  2 howler monkey zombies
  2 worker ant zombies (D:4)
  6 adders
  2 adder zombies (D:4)
  An adder skeleton (D:4)
  2 worms
  3 dart slugs
  A leopard gecko (D:2)
  14 orcs
  7 bats
  4 giant cockroaches
  6 goblins
  5 hobgoblins
  6 jackals
  2 quokkas (D:2)
  A ball python (D:4)
  7 frilled lizards
  A jackal skeleton (D:4)
  A jackal zombie (D:5)
  6 kobolds
  A quokka skeleton (D:4)
  10 rats
111 creatures vanquished.

Notes
Turn   | Place    | Note
-------+----------+-------------------------------------------
     0 | D:1      | Araneus the Naga Fighter began the quest for the Orb.
     0 | D:1      | Reached XP level 1. HP: 21/21 MP: 1/1
   204 | D:1      | Reached XP level 2. HP: 28/28 MP: 2/2
   474 | D:1      | Reached skill level 3 in Polearms
   617 | D:2      | Reached XP level 3. HP: 29/34 MP: 3/3
   840 | D:2      | Gained mutation: You tend to lose your temper in combat.
                  | [potion of mutation]
   840 | D:2      | Gained mutation: You can exhale a cloud of poison. [potion
                  | of mutation]
   840 | D:2      | Gained mutation: You are partially covered in icy blue
                  | scales. (AC +2) [potion of mutation]
   844 | D:2      | Reached skill level 4 in Polearms
   874 | D:2      | Reached XP level 4. HP: 39/42 MP: 4/4
  1124 | D:2      | Noticed Natasha
  1130 | D:2      | Killed Natasha
  1229 | D:2      | Noticed Natasha
  1239 | D:2      | Killed Natasha
  1239 | D:2      | Reached skill level 5 in Polearms
  1239 | D:2      | Reached XP level 5. HP: 17/49 MP: 5/5
  1465 | D:2      | Noticed Natasha
  1472 | D:2      | Killed Natasha
  1613 | D:3      | Found a faded altar of an unknown god.
  1985 | D:3      | Reached skill level 6 in Polearms
  2136 | D:3      | Found an ancient bone altar of Kikubaaqudgha.
  2136 | D:3      | Found a bloodstained altar of Trog.
  2395 | D:3      | Reached XP level 6. HP: 56/56 MP: 6/6
  2825 | D:4      | Noticed Eustachio
  2833 | D:4      | Killed Eustachio
  2833 | D:4      | Reached skill level 7 in Polearms
  2833 | D:4      | Reached XP level 7. HP: 60/62 MP: 7/7
  3203 | D:4      | Reached skill level 8 in Polearms
  3379 | D:4      | Identified the Disquisition on Sinister Curses
  3578 | D:5      | Entered Level 5 of the Dungeon
  4738 | D:6      | Noticed Prince Ribbit
  4738 | D:6      | Noticed a two-headed ogre
  4768 | D:5      | Killed Prince Ribbit
  4768 | D:5      | Reached skill level 9 in Polearms
  4768 | D:5      | Reached XP level 8. HP: 24/69 MP: 8/8
  5024 | D:6      | Upgraded the game from 0.25-a0-464-g3004169c2b to
                  | 0.25-a0-471-g78e40d7af6
  5114 | D:6      | Found a staircase to the Ecumenical Temple.
  5138 | Temple   | Entered the Ecumenical Temple
  5241 | Temple   | Became a worshipper of Cheibriados the Contemplative
  5325 | D:6      | Slain by a two-headed ogre

Levels and vault maps discovered:
D:1:      minmay_arrival_plants_in_alcoves, layout_basic, serial_park_tiny_2,
          chequers_jeans
D:2:      minmay_recursive_quarters, layout_rooms, serial_park_tiny_1,
          uniq_natasha
D:3:      layout_loops_cross, gammafunk_temple_overflow_wave,
          chequers_ecumenical_altar_simple, minivault_19, nrook_mini_backslash
D:4:      layout_loops_cross, serial_undead, serial_undead_b, serial_undead_e,
          serial_undead_e, serial_undead_a, uniq_eustachio
D:5:      layout_layer_cave, first_ration
D:6:      layout_cave_pods, nicolae_gozag_cash_rules_everything_around_me,
          minmay_temple_entry_proselytizer, serial_shops, shop,
          uniq_prince_ribbit1
Temple:   minmay_temple_bridge_d

Skill      XL: |  1  2  3  4  5  6  7 |
---------------+----------------------+-----
Polearms       | 3 4 5 6 7 9 |  9.5
Shields        | 3 |  3.2
Fighting       | |  3.0
Armour         | |  2.4

Action                   |  1- 3 |  4- 6 |  7- 9 || total
-------------------------+-------+-------+-------++-------
Melee: Trident           |    91 |   220 |   156 ||   467
Throw: Dart              |     4 |    15 |    17 ||    36
 Abil: Spit Poison       |     4 |       |       ||     4
       Breathe Poison Ga |       |     4 |     5 ||     9
  Use: Potion            |     2 |     1 |     2 ||     5
       Scroll            |       |       |     9 ||     9
  Eat: Chunk             |       |     6 |     5 ||    11
       Ration            |       |       |     1 ||     1
Armor: Scale mail        |    52 |    61 |       ||   113
       Chain mail        |       |    40 |    83 ||   123
Dodge: Dodged            |    17 |    24 |    14 ||    55
Block: Shield            |    25 |   103 |    49 ||   177

Table legend:
 A = Non-vault XP
 B = Vault XP
 C = Vault XP percentage of total XP
 D = Non-vault monster count
 E = Vault monster count
 F = Vault count percentage of total count
                 A         B        C        D         E       F
            +---------+---------+-------+---------+---------+-------
      Total |     877 |     730 |  45.4 |      89 |      22 |  19.8
            +---------+---------+-------+---------+---------+-------
        D:1 |      23 |       0 |   0.0 |      13 |       0 |   0.0
        D:2 |     169 |      45 |  21.0 |      32 |       7 |  17.9
        D:3 |     129 |       0 |   0.0 |      16 |       0 |   0.0
        D:4 |     206 |     408 |  66.4 |      14 |      14 |  50.0
        D:5 |     131 |     277 |  67.9 |       8 |       1 |  11.1
        D:6 |     219 |       0 |   0.0 |       6 |       0 |   0.0
            +---------+---------+-------+---------+---------+-------
